 Dungeon Crawl Stone Soup version 0.29-a0-994-gc5c9f59d18 (webtiles) character file.

Game seed: 1858891167653896141

40141 avis the Skirmisher (level 13, -33/107 HPs)
             Began as a Demigod Ice Elementalist on Aug 3, 2022.
             Annihilated by a titanic slime creature (87 damage)
             ... on level 12 of the Dungeon on Aug 4, 2022.
             The game lasted 02:44:59 (22035 turns).

avis the Skirmisher (Demigod Ice Elementalist)     Turns: 22035, Time: 02:45:00

Health: -33/107    AC: 22    Str:  9    XL:     13   Next: 38%
Magic:  20/24      EV: 18    Int: 17    God:
Gold:   1371       SH: 17    Dex: 30    Spells: 15/22 levels left

rFire   . . .      SeeInvis .   a - +4 hand crossbow (freeze)
rCold   + . .      Faith    .   l - +2 kite shield "Jodepid" {rPois Regen+}
rNeg    . . .      Spirit   .   A - +0 steam dragon scales
rPois   +          Reflect  .   I - +2 hat
rElec   .          Harm     .   n - +1 cloak
rCorr   .          Rampage  .   O - +2 pair of gloves
Will    +....                   (no boots)
Stlth   +++.......              (no amulet)
HPRegen 1.07/turn               i - ring of ice
MPRegen 0.19/turn               u - ring of protection from fire

@: ice-armoured, freezing walls, studying Transmutations
A: high MP 1, forlorn, divine attributes
a: no special abilities


You were on level 12 of the Dungeon.
You visited 3 branches of the dungeon, and saw 18 of its levels.
You also visited: Ossuary.

You collected 1510 gold pieces.
You spent 139 gold pieces at shops.

Inventory:

Hand Weapons
 a - a +4 hand crossbow of freezing (weapon)
 b - the +2 sling of Joyful Slaughter {venom, rC+}
   (You found it on level 8 of the Dungeon)

   Any ammunition fired from it poisons the flesh of those it strikes.
   rC:        It protects you from cold.
 w - a +3 sling of flaming
Armour
 l - the +2 kite shield "Jodepid" (worn) {rPois Regen+}
   (You found it on level 6 of the Dungeon)

   rPois:     It protects you from poison.
   Regen:     It increases your rate of health regeneration.
 n - a +1 cloak (worn)
 A - +0 steam dragon scales (worn)
 I - a +2 hat (worn)
 O - a +2 pair of gloves (worn)
Magical Staves
 c - a staff of cold
Jewellery
 i - a ring of ice (left hand)
 u - a ring of protection from fire (right hand)
Wands
 g - a wand of flame (33)
 s - a wand of mindburst (18)
 t - a wand of light (7)
 z - a wand of polymorph (14)
 H - a wand of charming (22)
Scrolls
 h - 11 scrolls of teleportation
 j - 2 scrolls of silence
 v - a scroll of magic mapping
 C - 2 scrolls of butterflies
 E - 2 scrolls of fear
 L - 3 scrolls of amnesia
 P - a scroll of poison {unknown}
Potions
 d - a potion of attraction
 e - a potion of ambrosia
 f - a potion of resistance
 k - 2 potions of cancellation
 m - 8 potions of curing
 o - 2 potions of berserk rage
 r - 3 potions of flight
 x - 3 potions of lignification
 B - 3 potions of brilliance
 D - 5 potions of heal wounds
 G - 3 potions of magic
 J - a potion of invisibility
 K - a potion of haste


   Skills:
 - Level 8.0 Fighting
 - Level 12.0 Ranged Weapons
 - Level 5.0 Armour
 - Level 7.0 Dodging
 * Level 4.0 Stealth
 - Level 10.0 Shields
 - Level 5.0 Spellcasting
 - Level 10.0 Ice Magic


You had 15 spell levels left.
You knew the following spells:

 Your Spells              Type           Power      Damage    Failure   Level
a - Freeze                Ice            100%       1d11      1%          1
o - Ozocubu's Armour      Ice            55%        N/A       1%          3
r - Frozen Ramparts       Ice            100%       1d18      1%          3

Your spell library contained the following spells:

 Spells                   Type           Power      Damage    Failure   Level
 Apportation              Tloc           8%         N/A       30%         1
 Necrotise                Necr           16%        1d4       30%         1
 Sting                    Tmut/Pois      16%        1d3       30%         1
 Summon Small Mammal      Summ           16%        N/A       30%         1
 Hailstorm                Conj/Ice       31%        3d8       36%         4
 Poisonous Vapours        Pois/Air       8%         N/A       43%         2
 Call Canine Familiar     Summ           4%         N/A       67%         3
 Dazzling Flash           Conj/Hex       8%         N/A       67%         3
 Ignite Poison            Fire/Tmut/Pois 4%         N/A       67%         3
 Mephitic Cloud           Conj/Pois/Air  4%         N/A       67%         3
 Portal Projectile        Hex/Tloc       8%         N/A       67%         3
 Tukima's Dance           Hex            4%         N/A       67%         3
 Freezing Cloud           Conj/Ice/Air   11%        6-21      92%         5
 Corpse Rot               Necr/Pois/Air  4%         N/A       97%         4
 Iskenderun's Mystic Bla  Conj/Tloc      4%         2d3       97%         4
 Leda's Liquefaction      Hex/Erth       2%         N/A       97%         4
 Olgreb's Toxic Radiance  Pois           4%         N/A       97%         4
 Summon Lightning Spire   Summ/Air       4%         N/A       97%         4
 Ozocubu's Refrigeration  Ice            27%        4d13      99%         7
 Alistair's Intoxication  Tmut/Pois      2%         N/A       100%        5
 Blade Hands              Tmut           2%         N/A       100%        5
 Yara's Violent Unravell  Hex/Tmut       2%         3d3       100%        5
 Starburst                Conj/Fire      2%         6d3       100%        6
 Storm Form               Tmut/Air       2%         N/A       100%        7
 Ignition                 Fire           2%         3d3       100%        8
 Maxwell's Capacitive Co  Air            2%         ∞         100%        8


Dungeon Overview and Level Annotations

Branches:
Dungeon (12/15)            Temple (1/1) D:5            Lair (5/5) D:10
  Swamp (0/4) Lair:2        Snake (0/4) Lair:2        Slime (0/5) Lair:4
    Orc (0/2) D:9         Ossuary (visited)

Shops:
D:6 (

Annotations:
Lair:3 2 transporters, Valamore's ghost, journeyman OpCj
Lair:5 3 runed translucent doors, Nato's ghost, journeyman OpIE


Innate Abilities, Weirdness & Mutations

You have an increased reservoir of magic. (+10% MP)
You shall have no god before yourself.
Your divine heritage dramatically boosts your attributes as you level up.


Message History

Two slime creatures merge to form a titanic slime creature.
The wraith resists.
The wall freezes the wraith.
You block the wraith's attack.
The wall freezes the slime creature!
The wraith resists.
The wall freezes the wraith!
You block the wraith's attack.
Fire: a) +4 hand crossbow (freeze)
Press: ? - help, Q - select action, (/) - cycle Shift-Dir - straight line, f/p - titanic slime creature
Aim: a titanic slime creature (severely wounded, 89% to hit)
You shoot a bolt.
The bolt barely misses the titanic slime creature.
The bolt hits the slime creature!!
The bolt freezes the slime creature.
The slime creature is almost dead.
The wall freezes the titanic slime creature!!
The titanic slime creature barely misses you.
The wraith resists.
The wall freezes the wraith.
The wraith hits you but does no damage.
The wall freezes the slime creature!
You kill the slime creature!
Your Stealth skill increases to level 4!
Fire: a) +4 hand crossbow (freeze)
Press: ? - help, Q - select action, (/) - cycle Shift-Dir - straight line, f/p - titanic slime creature
Aim: a titanic slime creature (severely wounded, 89% to hit)
You shoot a bolt.
The bolt completely misses the titanic slime creature.
The wall freezes the titanic slime creature!
You block the titanic slime creature's attack.
The wraith resists.
The wall freezes the wraith.
You block the wraith's attack.
Fire: a) +4 hand crossbow (freeze)
Press: ? - help, Q - select action, (/) - cycle Shift-Dir - straight line, f/p - titanic slime creature
Aim: a titanic slime creature (severely wounded, 89% to hit)
You shoot a bolt.
The bolt hits the titanic slime creature!
The bolt freezes the titanic slime creature.
The titanic slime creature is almost dead.
The wall freezes the titanic slime creature.
You block the titanic slime creature's attack.
The wall freezes the wraith but does no damage.
The wraith closely misses you.
The wall freezes the titanic slime creature.
The titanic slime creature hits you!!!!
Ouch! That really hurt!
You die...

... ##.# ....####..# .
..........# ..
...#......## ...
##.######..## .... #..#
##... ..... #####..#
#..## ..[...##......#
##.)# ......J@......##
##))##
#.....W####....###)..##
#.#...# #.......)....#
#..# #.......###....
#... #.....)## ####.
#.. #......# # ##
#......# #........
#.........#


You could see a titanic slime creature and a wraith.

Vanquished Creatures
  Gastronok (Lair:1)
  2 hydras
  An ogre mage (D:12)
  3 catoblepae (Lair:5)
  6 two-headed ogres
  8 death yaks
  A deep troll (Lair:3)
  An oklob plant (Lair:4)
  2 manticores (Lair:5)
  A deep elf pyromancer (D:10)
  3 black mambas
  2 gargoyles
  7 cane toads
  3 torpor snails
  3 rime drakes
  4 komodo dragons
  2 trolls (D:9)
  Grinder (D:6)
  4 blink frogs (Lair:2)
  Prince Ribbit (D:5)
  A slime creature (D:12)
  2 wraiths (D:10)
  2 shadows
  37 yaks
  A wyvern (Lair:4)
  A basilisk (Lair:1)
  3 steam dragons
  Menkaure (Ossuary)
  2 acid dragons
  12 water moccasins
  3 orc warriors
  A hornet zombie (D:6)
  4 ice beasts
  A sky beast (D:8)
  2 black bears
  5 ogres
  32 wolves
  5 centaurs
  A phantom (D:5)
  A kobold brigand (D:6)
  15 bullfrogs
  A gnoll sergeant (D:10)
  6 scorpions
  A necrophage (D:5)
  17 wights
  19 killer bees
  6 howler monkeys
  5 electric eels
  2 bullfrog zombies (D:6)
  2 centaur zombies
  3 jellies
  2 orc priests
  5 hounds
  A gnoll bouda (D:4)
  Ijyb (D:5)
  8 orc wizards
  4 iguanas
  A killer bee zombie (D:6)
  4 ogre zombies (Ossuary)
  6 mummies (Ossuary)
  A howler monkey zombie (D:6)
  11 gnolls
  9 adders
  A shadow imp (D:7)
  3 adder zombies (Ossuary)
  2 worms
  A dart slug (D:5)
  23 orcs
  4 ball pythons
  6 bats
  3 endoplasms
  A giant cockroach (D:1)
  5 goblins
  5 hobgoblins
  4 jackals (D:1)
  2 quokkas
  6 frilled lizards
  8 goblin zombies (Ossuary)
  5 hobgoblin zombies (Ossuary)
  10 kobolds
  2 kobold zombies (Ossuary)
  4 quokka zombies (Ossuary)
  5 rats
  3 rat zombies (Ossuary)
406 creatures vanquished.

Vanquished Creatures (others)
  A wizard (D:9)
  15 fungi
  54 plants
70 creatures vanquished.

Grand Total: 476 creatures vanquished

Notes
Turn   | Place    | Note
-------+----------+-------------------------------------------
     0 | D:1      | avis the Demigod Ice Elementalist began the quest for the
                  | Orb.
     0 | D:1      | Reached XP level 1. HP: 14/14 MP: 5/5
   245 | D:1      | Reached skill level 1 in Fighting
   465 | D:1      | Reached XP level 2. HP: 23/23 MP: 4/7
  1367 | D:2      | Identified the +1 leather armour of Vapos {Drain rN+ Dex+3}
  1403 | D:2      | Reached XP level 3. HP: 28/28 MP: 7/10
  1411 | D:2      | Learned a level 3 spell: Ozocubu's Armour
  1415 | D:2      | Learned a level 3 spell: Frozen Ramparts
  1589 | D:2      | You fall into a shaft and drop 2 floors!
  2957 | D:4      | Reached XP level 4. HP: 24/35 MP: 4/11
  3401 | D:4      | Reached skill level 5 in Ice Magic
  3449 | D:4      | Noticed a black bear
  3537 | D:4      | Reached XP level 5. HP: 41/41 MP: 5/12
  3921 | D:4      | Noticed an ogre
  3926 | D:4      | Killed an ogre
  4269 | D:4      | Killed a black bear
  4270 | D:4      | Reached XP level 6. HP: 47/48 MP: 7/15
  4459 | D:5      | Entered Level 5 of the Dungeon
  4517 | D:5      | Noticed Ijyb
  4831 | D:5      | Killed Ijyb
  5167 | D:5      | Reached skill level 1 in Ranged Weapons
  5167 | D:5      | Reached XP level 7. HP: 45/57 MP: 14/16
  5243 | D:5      | Reached skill level 2 in Ranged Weapons
  5278 | D:5      | Reached skill level 5 in Spellcasting
  5708 | D:5      | Noticed Prince Ribbit
  5712 | D:5      | Reached XP level 8. HP: 62/66 MP: 19/19
  5720 | D:5      | Reached skill level 3 in Ranged Weapons
  5725 | D:5      | Killed Prince Ribbit
  5726 | D:5      | Reached skill level 4 in Ranged Weapons
  5877 | D:5      | Identified the +2 ring mail "Cick" {rPois Str+2 Int+7}
  5920 | D:5      | Found a staircase to the Ecumenical Temple.
  6125 | Temple   | Entered the Ecumenical Temple
  6126 | Temple   | Upgraded the game from 0.29-a0-993-g4a18f31a58 to
                  | 0.29-a0-994-gc5c9f59d18
  6168 | D:6      | Found Qixukla's Antique Weapon Shop.
  6774 | D:6      | Reached skill level 5 in Fighting
  6821 | D:6      | Identified the +2 kite shield "Jodepid" {rPois Regen+}
  6849 | D:6      | Reached XP level 9. HP: 10/74 MP: 16/20
  7131 | D:6      | Reached skill level 5 in Ranged Weapons
  7178 | D:6      | Bought a glowing sling for 139 gold pieces
  7472 | D:6      | Noticed Grinder
  7497 | D:6      | Killed Grinder
  7498 | D:6      | Reached skill level 6 in Ranged Weapons
  7595 | D:6      | Reached skill level 5 in Dodging
  7999 | D:7      | Identified 2 scrolls of acquirement
  7999 | D:7      | Acquired a +3 hand crossbow of freezing
  8001 | D:7      | Acquired a +3 longbow of flaming
  8058 | D:7      | Found a sand-covered staircase.
  8068 | Ossuary  | Entered an ossuary
  8590 | Ossuary  | Noticed Menkaure
  8605 | Ossuary  | Killed Menkaure
  9799 | D:8      | Reached skill level 7 in Ranged Weapons
  9800 | D:8      | Reached XP level 10. HP: 75/83 MP: 14/21
 10101 | D:8      | Identified the +2 sling of Joyful Slaughter {venom, rC+}
 10914 | D:9      | Found a staircase to the Orcish Mines.
 11271 | D:9      | Reached skill level 8 in Ranged Weapons
 11362 | D:9      | Noticed a wizard
 11365 | D:9      | Killed a wizard
 11556 | D:9      | Reached skill level 1 in Shields
 11685 | D:9      | Noticed a two-headed ogre
 11691 | D:9      | Killed a two-headed ogre
 12113 | D:9      | Noticed a +0 hand axe
 12113 | D:9      | Noticed a +0 dagger
 12435 | D:10     | Entered Level 10 of the Dungeon
 12854 | D:10     | Noticed a deep elf pyromancer
 12856 | D:10     | Killed a deep elf pyromancer
 12906 | D:10     | Reached XP level 11. HP: 92/92 MP: 20/22
 12976 | D:10     | Found a staircase to the Lair.
 13266 | Lair:1   | Entered Level 1 of the Lair of Beasts
 13428 | D:10     | Reached skill level 9 in Ranged Weapons
 13728 | Lair:1   | Reached skill level 10 in Ranged Weapons
 13833 | Lair:1   | Noticed Gastronok
 13847 | Lair:1   | Killed Gastronok
 15477 | Lair:2   | Found a staircase to the Snake Pit.
 15919 | Lair:2   | Found a staircase to the Swamp.
 16847 | Lair:3   | You fall into a shaft and drop 2 floors!
 16847 | Lair:5   | Entered Level 5 of the Lair of Beasts
 16851 | Lair:5   | Reached XP level 12. HP: 100/100 MP: 23/23
 17073 | Lair:5   | Noticed a four-headed hydra
 17124 | Lair:4   | Reached skill level 10 in Ice Magic
 17194 | Lair:4   | Found a staircase to the Slime Pits.
 17357 | Lair:3   | Noticed a four-headed hydra
 17357 | Lair:3   | Noticed a five-headed hydra
 17358 | Lair:3   | Noticed Valamore's ghost (journeyman OpCj)
 17786 | Lair:3   | Found a transporter.
 17846 | Lair:3   | Found a transporter.
 18445 | Lair:4   | Got the Guide on Evolution and Enchantment
 18711 | Lair:4   | Noticed a five-headed hydra
 18717 | Lair:4   | Killed a five-headed hydra
 19160 | Lair:4   | Reached skill level 11 in Ranged Weapons
 19482 | Lair:5   | Killed a four-headed hydra
 19571 | Lair:5   | Reached skill level 12 in Ranged Weapons
 19571 | Lair:5   | Reached skill level 1 in Armour
 19622 | Lair:5   | Found a runed translucent gate.
 19622 | Lair:5   | Found a runed translucent gate.
 19622 | Lair:5   | Found a runed translucent gate.
 19623 | Lair:5   | Noticed a boulder beetle
 19625 | Lair:5   | Noticed a minotaur
 19626 | Lair:5   | Noticed a boulder beetle
 19754 | Lair:5   | Noticed Nato's ghost (journeyman OpIE)
 20031 | Lair:5   | Noticed a catoblepas
 20034 | Lair:5   | Killed a catoblepas
 20072 | Lair:5   | Reached skill level 5 in Armour
 20074 | Lair:5   | Noticed a catoblepas
 20079 | Lair:5   | Killed a catoblepas
 20080 | Lair:5   | Reached XP level 13. HP: 107/107 MP: 20/24
 21939 | D:12     | Reached skill level 10 in Shields
 22035 | D:12     | Annihilated by a titanic slime creature

Illustrated notes

Levels and vault maps discovered:
D:1:      sevenhm_arrival_forest_fort_large_2, layout_loops_corners,
          dilly_ecumenical_altar_fadedgnrine, supply_closet_lemuel
D:2:      layout_rooms, cheibrodos_gnoll_hut
D:3:      layout_loops_corners, minmay_misc_feat_secret_circle
D:4:      layout_gridville, amcnicky_altar_gilded,
          mainiacjoe_overflow_tiny_flanked
D:5:      layout_rooms, tso_altar, minmay_temple_entry_water_ring,
          minmay_manual_mail, uniq_ijyb, uniq_prince_ribbit1
D:6:      layout_rooms, nicolae_dithmenos_shadow_blocks,
          mainiacjoe_overflow_alcove_1, nicolae_yredelemnul_corpse_copse,
          mainiacjoe_overflow_alcove_4, serial_shops, nicolae_shop_waterfront,
          uniq_grinder
D:7:      layout_cave_pools, grunt_temple_overflow_opulence,
          mainiacjoe_overflow_alcove_2, nicolae_ossuary_entry_plus,
          grunt_decor_fettered
D:8:      layout_basic, cheibrodos_worm_habitat,
          nicolae_hepliaklqana_ecumenical_no_more, chequers_serial_rivers_marsh,
          nicolae_figureground_pulse
D:9:      layout_stronghold, dancing_weapons_uskayaw, trog_wizard, orc_0_dummy,
          nicolae_underground_beach
D:10:     layout_small_grid, kiku_gazebo_pond_becter, david_lair_shrubbed
D:11:     layout_basic
D:12:     layout_layer_cave
Temple:   nicolae_temple_little_seven
Lair:1:   beast_lair_carwin_large_4, layout_regular_city,
          eino_small_chamber_without_monster, grunt_megastairs_1, uniq_gastronok
Lair:2:   layout_cave_pods, minmay_swamp_entry_reptiles, dummy_snake_entry,
          basic_altar, serial_bayou_shore_a, infiniplex_staircase_pool_2,
          grunt_megastairs_4
Lair:3:   dreamdust_cave_troll, layout_cave_pods,
          gammafunk_ghost_berserking_beasts, patterned_corridor,
          infiniplex_staircase_pool
Lair:4:   layout_long_grid, slime_entry_1, minmay_lair_oklob_items
Lair:5:   evilmike_catoblepas_cave, layout_cave_pods,
          maelrawn_ghost_gauntlet_escape, grunt_megastairs_5

Skill      XL: |  1  2  3  4  5  6  7  8  9 10 11 12 13 |
---------------+----------------------------------------+-----
Fighting       | 1 2 3 4 5 6 7 8 |  8.0
Spellcasting   | 2 3 4 5 |  5.0
Ice Magic      | 4 5 6 7 8 9 10 | 10.0
Dodging        | 2 3 4 5 6 7 |  7.0
Stealth        | 2 4 |  4.0
Ranged Weapons | 1 2 4 7 8 10 12 | 12.0
Shields        | 4 8 10 | 10.0
Armour         | 5 |  5.0

Action                   |  1- 3 |  4- 6 |  7- 9 | 10-12 | 13-15 || total
-------------------------+-------+-------+-------+-------+-------++-------
Melee: Short sword       |     5 |       |       |       |       ||     5
       Dagger            |       |    17 |    30 |       |       ||    47
       Punch             |       |       |     1 |       |       ||     1
 Fire: Sling             |     9 |    43 |   147 |     5 |       ||   204
       Arbalest          |       |       |   102 |       |       ||   102
       Hand crossbow     |       |       |    36 |   389 |    78 ||   503
 Cast: Freeze            |    57 |    10 |    20 |       |       ||    87
       Ozocubu's Armour  |     3 |    15 |    39 |    73 |     5 ||   135
       Frozen Ramparts   |     2 |    16 |    26 |    42 |     6 ||    92
  Use: Potion            |       |       |    11 |       |       ||    11
       Scroll            |       |       |    18 |     8 |     1 ||    27
 Stab: Sleeping          |     4 |       |     1 |       |       ||     5
Armor: Robe              |     8 |       |       |       |       ||     8
       Leather armour    |     7 |    19 |   100 |     1 |       ||   127
       Skin              |       |       |    16 |       |       ||    16
       Steam dragon scal |       |       |       |    72 |     7 ||    79
Dodge: Dodged            |    25 |    20 |   236 |   189 |    19 ||   489
Block: Kite shield       |       |       |    64 |   243 |    36 ||   343

Table legend: (Time is in decaauts)
 A = Elapsed time spent in this place.
 B = Non-inter-level travel time spent in this place.
 C = Inter-level travel time spent in this place.
 D = Time resting spent in this place.
 E = Time spent auto-exploring this place.
 F = Levels seen in this place.
 G = Mean time per level.
                   A        B        C        D        E       F      G
               +--------+--------+--------+--------+--------+-----+--------+
         Total |  22496 |  19465 |   3031 |   5553 |   8779 |  19 | 1184.0 |
       Dungeon |  14733 |  12582 |   2151 |   4447 |   5462 |  12 | 1227.8 |
        Temple |     50 |     45 |      5 |      0 |      0 |   1 |   50.0 |
          Lair |   7028 |   6153 |    875 |   1075 |   3317 |   5 | 1405.6 |
       Ossuary |    684 |    684 |      0 |     30 |      0 |   1 |  684.0 |
               +--------+--------+--------+--------+--------+-----+--------+

Top non-repeatable levels by time:
     D:4: 2405 daAuts
     D:5: 1926 daAuts
  Lair:2: 1611 daAuts
  Lair:5: 1530 daAuts
     D:9: 1488 daAuts
     D:6: 1465 daAuts
     D:1: 1424 daAuts
  Lair:1: 1378 daAuts
  Lair:4: 1346 daAuts
     D:8: 1296 daAuts
    D:10: 1252 daAuts
  Lair:3: 1163 daAuts
     D:7: 1122 daAuts
     D:3: 1084 daAuts
    D:11: 837 daAuts
